 Dungeon Crawl Stone Soup version 0.20-a0-1065-g8446734 (webtiles) character file.

11773 Monsterracer the Archer (level 11, -1/84 HPs)
             Began as a Centaur Hunter on Apr 28, 2017.
             Was an Elder of Okawaru.
             Slain by a yak (14 damage)
             ... in an ice cave.
             The game lasted 01:11:53 (19034 turns).

Monsterracer the Archer (Centaur Hunter)           Turns: 19034, Time: 01:11:54

Health: -1/84      AC:  7    Str: 17    XL:     11   Next: 53%
Magic:  11/13      EV: 15    Int: 10    God:    Okawaru [****..]
Gold:   681        SH:  3    Dex: 15    Spells: 5/10 levels left

rFire    . . .     SeeInvis .   a - +1 shortbow
rCold    + . .     Gourm    .   (shield currently unavailable)
rNeg     . . .     Faith    .   s - +0 robe of Shielding {Dex+4}
rPois    .         Spirit   .   A - +0 helmet
rElec    .         Reflect  +   u - scarf {rC+}
rCorr    .         Harm     .   (no gloves)
MR       .....                  (no barding)
Stlth    +++.......             t - +3 amulet of reflection
Regen    0.3/turn               g - ring of wizardry
MPRegen  0.2/turn               y - ring of wizardry

@: heroism, hasted, studying Unarmed Combat, very quick
A: hooves 3, thin metallic scales 1, deformed body, speed 2, frail 1, tough skin
3
a: Heroism, Renounce Religion


You were in an ice cave.
You worshipped Okawaru.
Okawaru was greatly pleased with you.
You were not hungry.

You visited 2 branches of the dungeon, and saw 11 of its levels.
You also visited: Ice Cave.

You collected 681 gold pieces.

Inventory:

Hand Weapons
 a - a +1 shortbow (weapon)
Missiles
 p - 48 arrows (quivered)
Armour
 h - a +0 scale mail of cold resistance
 s - the +0 robe of Shielding (worn) {Dex+4}
   (You found it on level 4 of the Dungeon)

   It affects your dexterity (+4).
 u - a scarf of cold resistance (worn)
 A - a +0 helmet (worn)
 C - a +0 troll leather armour
Jewellery
 c - an uncursed ring of teleportation
 g - a ring of wizardry (left hand)
 t - a +3 amulet of reflection (around neck)
 v - an uncursed ring of flight
 y - a ring of wizardry (right hand)
Wands
 j - a wand of iceblast (13/15)
 k - a wand of iceblast (15/15)
 q - a wand of scattershot (3/9)
 B - a wand of flame (9/48)
Scrolls
 b - 9 scrolls of remove curse
 i - 5 scrolls of identify
 n - 3 scrolls of enchant weapon
Potions
 e - 5 potions of agility
 o - 4 potions of mutation
 r - 2 potions of flight
 z - a potion of curing
Books
 x - a book of Minor Magic

   Spells                             Type                      Level
   a - Magic Dart                     Conjuration                  1
   b - Blink                          Translocation                2
   c - Call Imp                       Summoning                    2
   d - Slow                           Hexes                        2
   e - Conjure Flame                  Conjuration/Fire             3
   f - Mephitic Cloud                 Conjuration/Poison/Air       3
 D - a book of Changes

   Spells                             Type                      Level
   a - Beastly Appendage              Transmutation                1
   b - Sticks to Snakes               Transmutation                2
   c - Spider Form                    Transmutation/Poison         3
   d - Ice Form                       Ice/Transmutation            4
   e - Blade Hands                    Transmutation                5
 E - a manual of Unarmed Combat
Comestibles
 f - 6 bread rations
 l - 4 royal jellies
 m - 3 meat rations
 F - 4 chunks of flesh


   Skills:
 - Level 8.0(13.0) Fighting
 - Level 14.1(19.1) Bows
 - Level 2.0(7.0) Armour
 + Level 3.1(8.1) Dodging
 - Level 0.4(5.4) Stealth
 * Level 11.7(16.7) Unarmed Combat
 - Level 3.3 Invocations
 - Level 1.2 Evocations


You had 5 spell levels left.
You knew the following spells:

 Your Spells              Type           Power        Failure   Level  Hunger
a - Blink                 Tloc           N/A          16%         2    ###....
b - Conjure Flame         Conj/Fire      #.......     28%         3    ####...


Dungeon Overview and Level Annotations

Branches:
Dungeon (10/15)            Temple (0/1) D:4            Lair (1/6) D:10
    Orc: D:9-12

Altars:
Cheibriados
Dithmenos
Hepliaklqana
Kikubaaqudgha
Makhleb
Okawaru
Ru
Trog
Wu Jian
Xom
Zin
The Shining One


Innate Abilities, Weirdness & Mutations

You have hooves in place of feet.
Armour fits poorly on your strangely shaped body.
You cover ground very quickly.
You have extremely tough skin. (AC +3)
You are partially covered in thin metallic scales. (AC +2)
You are frail. (-10% HP)


Message History

You block the yak's attack.
Firing (i - inventory):
p - 51 arrows (quivered)
Press: ? - help, Shift-Dir - straight line, f/p - polar bear
Aim: a polar bear (moderately wounded)
You shoot an arrow. The arrow barely misses the yak.
The arrow hits the polar bear.
The polar bear is moderately wounded.
Firing (i - inventory):
p - 50 arrows (quivered)
Press: ? - help, Shift-Dir - straight line, f/p - polar bear
Aim: a polar bear (moderately wounded)
You shoot an arrow. The arrow barely misses the yak.
The arrow hits the polar bear but does no damage.
The polar bear is moderately wounded.
Firing (i - inventory):
p - 49 arrows (quivered)
Press: ? - help, Shift-Dir - straight line, f/p - polar bear
Aim: a polar bear (moderately wounded)
You shoot an arrow. The arrow hits the yak!
The yak is severely wounded.
The yak gores you!
You die...

##....#. ##...#..) .#
#..####.. .Y.# ####
#..###..# #.(.####..##
##...##..# #(..#(.#.##
##...##...# #(.(h#..##
#...####...
####Y#...#####.#.####.
##@##...##.#.## ##
#######....## # ######


You could see a polar bear and a yak.

Vanquished Creatures
  3 two-headed ogres
  Pikel (D:4)
  The ghost of Dirtsage the Sneak, a novice VSEn (D:5)
  An ice statue (IceCv)
  2 rime drakes (Lair:1)
  2 polar bears (IceCv)
  A troll (D:10)
  Grinder (D:6)
  A hornet (D:7)
  A meliai (D:10)
  Prince Ribbit (D:7)
  A slime creature (D:10)
  A vampire (D:10)
  2 wyverns (D:9)
  7 yaks (IceCv)
  A hungry ghost (D:8)
  Grum (D:8)
  3 water moccasins
  An orc warrior (D:10)
  2 sky beasts
  4 ice beasts
  4 slaves
  A phantom (D:5)
  3 black bears
  An eye of draining (D:9)
  8 wolves
  7 ogres
  3 centaurs
  A big kobold (D:9)
  5 bullfrogs
  A wyvern zombie (D:10)
  2 howler monkeys
  2 crimson imps
  A centaur zombie (D:8)
  3 hounds
  A jelly (D:8)
  2 centaur skeletons
  10 orc priests
  9 orc wizards
  An iguana (D:8)
  8 worker ants
  A hound zombie (D:7)
  A worker ant zombie (D:10)
  7 gnolls
  14 adders
  5 shadow imps
  An adder zombie (D:5)
  6 worms
  An adder skeleton (D:8)
  A dart slug (D:1)
  6 leopard geckos
  38 orcs
  3 ball pythons
  8 giant cockroaches
  5 goblins
  4 hobgoblins
  12 jackals
  3 quokkas
  10 bats
  A frilled lizard (D:2)
  3 jackal skeletons
  A jackal zombie (D:6)
  14 kobolds
  A quokka skeleton (D:8)
  5 rats
262 creatures vanquished.

Vanquished Creatures (others)
  2 polar bears (IceCv)
  A yak (IceCv)
  An orc (D:3)
  A kobold (D:9)
5 creatures vanquished.

Grand Total: 267 creatures vanquished

Notes
Turn   | Place    | Note
-------+----------+-------------------------------------------
     0 | D:1      | Monsterracer the Centaur Hunter began the quest for the Orb.
     0 | D:1      | Reached XP level 1. HP: 17/17 MP: 1/1
   217 | D:1      | Reached skill level 1 in Unarmed Combat
   299 | D:1      | Reached XP level 2. HP: 20/24 MP: 2/2
   919 | D:1      | Reached skill level 6 in Bows
  1268 | D:2      | Found a glowing golden altar of the Shining One.
  1315 | D:2      | Reached XP level 3. HP: 29/29 MP: 3/3
  1734 | D:2      | Found a hazy altar of Hepliaklqana.
  2354 | D:3      | Reached XP level 4. HP: 36/36 MP: 4/4
  2604 | D:3      | Found a shadowy altar of Dithmenos.
  3116 | D:3      | Noticed an ogre
  3146 | D:3      | Killed an ogre
  3146 | D:3      | Reached skill level 7 in Bows
  3146 | D:3      | Reached XP level 5. HP: 41/41 MP: 5/5
  4072 | D:4      | Reached XP level 6. HP: 43/49 MP: 6/6
  4529 | D:4      | Found a snail-covered altar of Cheibriados.
  5014 | D:3      | Reached skill level 8 in Bows
  5014 | D:3      | Reached skill level 5 in Unarmed Combat
  5306 | D:4      | Got a distressingly furry robe
  5317 | D:4      | Identified the +0 robe of Shielding {Dex+4} (You found it on level 4 of the Dungeon)
  5336 | D:4      | Found a sacrificial altar of Ru.
  5599 | D:3      | Reached XP level 7. HP: 39/57 MP: 7/7
  6285 | D:4      | Found an iron altar of Okawaru.
  6293 | D:4      | Became a worshipper of Warmaster Okawaru
  6330 | D:4      | Found a staircase to the Ecumenical Temple.
  6749 | D:4      | Gained mutation: You are frail. (-10% HP) [potion of mutation]
  6749 | D:4      | Gained mutation: You are partially covered in thin metallic scales. (AC +2) [potion of mutation]
  6836 | D:5      | Entered Level 5 of the Dungeon
  6966 | D:5      | Noticed Dirtsage's ghost (novice VSEn)
  7404 | D:5      | Killed Dirtsage's ghost
  7404 | D:5      | Reached * piety under Okawaru
  7404 | D:5      | Reached skill level 9 in Bows
  7404 | D:5      | Reached XP level 8. HP: 18/59 MP: 8/8
  7734 | D:5      | Noticed Pikel
  8802 | D:4      | Killed Pikel
  8802 | D:4      | Reached ** piety under Okawaru
  8802 | D:4      | Reached skill level 10 in Bows
  9126 | D:5      | Reached skill level 5 in Fighting
  9253 | D:6      | Noticed Grinder
  9274 | D:6      | Killed Grinder
  9274 | D:6      | Reached XP level 9. HP: 66/66 MP: 8/10
  9955 | D:6      | Reached skill level 11 in Bows
 10223 | D:6      | Found a snail-covered altar of Cheibriados.
 11134 | D:7      | Noticed Prince Ribbit
 11180 | D:7      | Killed Prince Ribbit
 11180 | D:7      | Reached *** piety under Okawaru
 11784 | D:7      | Reached skill level 1 in Armour
 11789 | D:7      | Reached skill level 12 in Bows
 12294 | D:8      | Found an ancient bone altar of Kikubaaqudgha.
 12493 | D:8      | Found an ornate altar of the Wu Jian Council.
 12545 | D:8      | Noticed a two-headed ogre
 12618 | D:7      | Reached XP level 10. HP: 57/74 MP: 11/11
 12628 | D:8      | Killed a two-headed ogre
 13520 | D:8      | Found a bloodstained altar of Trog.
 13532 | D:8      | Noticed Grum
 13573 | D:8      | Killed Grum
 13573 | D:8      | Reached skill level 13 in Bows
 13800 | D:8      | Noticed a two-headed ogre
 13852 | D:8      | Killed a two-headed ogre
 13852 | D:8      | Reached **** piety under Okawaru
 13852 | D:8      | Reached skill level 10 in Unarmed Combat
 13970 | D:8      | Learned a level 2 spell: Blink
 13974 | D:8      | Learned a level 3 spell: Conjure Flame
 14404 | D:9      | Found a glowing silver altar of Zin.
 14530 | D:9      | Noticed a two-headed ogre
 14536 | D:9      | Killed a two-headed ogre
 14536 | D:9      | Reached skill level 1 in Evocations
 14702 | D:9      | Found a shimmering altar of Xom.
 14702 | D:9      | Found a shimmering altar of Xom.
 14702 | D:9      | Found a shimmering altar of Xom.
 14705 | D:9      | Found a shimmering altar of Xom.
 14706 | D:9      | Found a shimmering altar of Xom.
 14707 | D:9      | Found a shimmering altar of Xom.
 14709 | D:9      | Found a shimmering altar of Xom.
 15090 | D:9      | Found a burning altar of Makhleb.
 15162 | D:9      | Noticed a water nymph
 15167 | D:9      | Noticed a spiny frog
 15178 | D:9      | Noticed a manticore
 15536 | D:10     | Entered Level 10 of the Dungeon
 15771 | D:10     | Reached XP level 11. HP: 19/82 MP: 9/12
 16197 | D:10     | Found a staircase to the Lair.
 16256 | D:10     | Reached ***** piety under Okawaru
 16546 | D:10     | Received a gift from Okawaru
 16755 | D:10     | Reached skill level 14 in Bows
 16983 | D:10     | Received a gift from Okawaru
 17161 | Lair:1   | Entered Level 1 of the Lair of Beasts
 17167 | Lair:1   | Found a frozen archway.
 17356 | IceCv    | Entered an ice cave
 17689 | IceCv    | Received a gift from Okawaru
 19034 | IceCv    | Slain by a yak

Vault maps used:
D:1:      eino_arrival_cavern_d, minivault_19
D:2:      kb_forest_paths, lemuel_round_altar, tso_metal_star, first_bread
D:3:      grunt_dithmenos_smoke
D:4:      overflow_temple_1_default, nicolae_ru_great_annihilating_truth,
          nicolae_overflow_crystal_walls, minmay_temple_entry_enclosed_plants,
          cheibrodos_sewer_entry_sluice
D:5:      uniq_pikel
D:6:      cheibrodos_worm_habitat, uniq_grinder
D:7:      uniq_prince_ribbit1
D:8:      lemuel_round_altar, kennysheep_mini_moat, bloody_trog, uniq_grum
D:9:      xom_shifter_show, bloody_makhleb, old_standard_altar
D:10:     kennysheep_big_flooded_room, lair_entry_dummy
Lair:1:   portal_ice_cave_rime, cheibrodos_lair_lostbears, serial_bayou_shore_a,
          lemuel_fruit_fields, lemuel_fruit_fields
IceCv:    ice_cave_caverns_02

Skill      XL: |  1  2  3  4  5  6  7  8  9 10 11 |
---------------+----------------------------------+-----
Unarmed Combat | 1 2 3 4 5 6 7 9 10 11 | 11.7
Bows           | 6 7 8 9 10 12 13 14 | 14.1
Fighting       | 3 4 5 6 7 8 |  8.0
Invocations    | 2 3 |  3.3
Armour         | 1 2 |  2.0
Dodging        | 2 3 |  3.1
Evocations     | 1 |  1.2
Stealth        | |  0.4

Action                   |  1- 3 |  4- 6 |  7- 9 | 10-12 || total
-------------------------+-------+-------+-------+-------++-------
Melee: Unarmed           |   149 |   111 |   266 |   157 ||   683
       Kick              |    43 |    22 |    79 |    46 ||   190
       Shortbow          |    47 |       |     3 |       ||    50
       Punch             |     1 |     1 |    10 |    15 ||    27
 Fire: Shortbow          |    30 |    62 |   150 |   353 ||   595
       Hunting sling     |       |    26 |       |       ||    26
Throw: Stone             |       |       |     3 |       ||     3
Invok: Heroism           |       |       |    12 |    14 ||    26
Evoke: Wand              |       |     1 |    10 |     2 ||    13
  Use: Potion            |     5 |     2 |     6 |     6 ||    19
       Scroll            |       |     9 |     5 |     8 ||    22
  Eat: Chunk             |     3 |     8 |    18 |    18 ||    47
       Royal jelly       |       |       |     1 |       ||     1
Armor: Leather armour    |    81 |    48 |       |       ||   129
       Robe              |       |    14 |    72 |    61 ||   147
Dodge: Dodged            |   115 |    90 |   142 |   131 ||   478
Block: Other             |       |       |    14 |    34 ||    48
       Reflection        |       |       |       |     2 ||     2
